 Dungeon Crawl Stone Soup version 0.24.0-123-gd5b16e6ec5 (webtiles) character file.

Game seed: 6319898504343826975, levelgen mode: deterministic

812 Notrik the Fighter (level 7, -8/69 HPs)
             Began as a Minotaur Fighter on Feb 8, 2020.
             Was a Believer of Okawaru.
             Splashed by Pikel's acid (13 damage)
             ... on level 5 of the Dungeon.
             The game lasted 00:08:47 (2683 turns).

Notrik the Fighter (Minotaur Fighter)               Turns: 2683, Time: 00:08:47

Health: -8/69      AC:  5    Str: 28    XL:     7   Next: 61%
Magic:  4/6        EV: 12    Int:  5    God:    Okawaru [**....]
Gold:   259        SH: 13    Dex:  9    Spells: 6/6 levels left

rFire    . . .     SeeInvis .   k - +2 short sword (speed)
rCold    + . .     Gourm    .   m - +0 shield
rNeg     . . .     Faith    .   n - +2 ring mail {rC+}
rPois    .         Spirit   .   (helmet restricted)
rElec    .         Reflect  .   (no cloak)
rCorr    .         Harm     .   (no gloves)
MR       .....                  (no boots)
Stlth    ++........             (no amulet)
HPRegen  0.21/turn              (no ring)
MPRegen  0.10/turn              (no ring)

@: mighty, heroism, corroded
A: retaliatory headbutt, horns 2
a: Heroism, Renounce Religion


You were on level 5 of the Dungeon.
You worshipped Okawaru.
Okawaru was pleased with you.
You were hungry.

You visited 1 branch of the dungeon, and saw 5 of its levels.

You collected 259 gold pieces.

Inventory:

Hand Weapons
 a - a +0 war axe
 j - a cursed -2 dagger
   (You found it on level 1 of the Dungeon)
 k - a +2 short sword of speed (weapon)
   (You took it off a kobold on level 1 of the Dungeon)
Armour
 m - a +0 shield (worn)
   (You found it on level 2 of the Dungeon)
 n - a +2 ring mail of cold resistance (worn)
   (You found it on level 2 of the Dungeon)
Scrolls
 f - 3 scrolls of enchant armour {unknown}
 g - a scroll of immolation {unknown}
 h - 2 scrolls of fear {unknown}
 l - a scroll of blinking {unknown}
 p - a scroll of teleportation {unknown}
 r - 2 scrolls of identify {@r1}
 t - a scroll of remove curse {unknown}
Potions
 i - a potion of curing {@q1}
 o - a potion of resistance {unknown}
 q - a potion of heal wounds {unknown}
 s - a potion of lignification {unknown}
 u - a potion of magic {unknown}
Comestibles
 b - 8 chunks of flesh
 e - 5 rations {!d}


   Skills:
 * Level 8.5(13.5) Fighting
 - Level 2.4(7.4) Axes
 + Level 5.6(10.6) Armour
 + Level 6.4(11.4) Shields


You had 6 spell levels left.
You didn't know any spells.
Your spell library was empty.

Dungeon Overview and Level Annotations

Branches:
Dungeon (5/15)
 Temple: D:4-7

Altars:
Cheibriados
Gozag
Makhleb
Okawaru
Uskayaw
Vehumet
Wu Jian

Annotations:
D:5 Pikel


Innate Abilities, Weirdness & Mutations

You reflexively headbutt those who attack you in melee.
You have a pair of horns on your head.


Message History

You block the slave's attack.
You hit the slave but do no damage. You headbutt the slave!
You kill the slave!
That felt strangely unrewarding.
A slave comes into view.
The slave shouts!
You hit the slave but do no damage.
You hear a shout!
You block the slave's attack.
You hit the slave. You block the slave's attack.
You barely miss the slave. You headbutt the slave! You hit the slave.
Your headbutt misses the slave. The slave hits you.
You are feeling hungry.
You closely miss the slave. You block the slave's attack.
You hit the slave. The slave barely misses you. You furiously retaliate!
You headbutt the slave. You hit the slave.
The slave hits you but does no damage.
You hit the slave.
You kill the slave!
That felt strangely unrewarding.
You hit the slave.
You headbutt the slave, but do no damage.
You hit Pikel but do no damage. Your headbutt misses Pikel.
You barely miss Pikel. Your headbutt misses Pikel. You hit Pikel.
You block Pikel's attack.
You hit Pikel. You headbutt Pikel. You block Pikel's attack.
You hit Pikel. You headbutt Pikel. Pikel hits you but does no damage.
You are electrocuted!
You hit Pikel. You headbutt Pikel.
Pikel drinks a potion.
Pikel is healed!
You hit Pikel. Your headbutt misses Pikel. You hit Pikel but do no damage.
Pikel zaps a wand.
The bolt of acid hits you!!
You are splashed with acid!
* * * LOW HITPOINT WARNING * * *
You gain the combat prowess of a mighty hero.
Pikel hits you with a +1 whip of electrocution.
* * * LOW HITPOINT WARNING * * *
You are too injured to fight recklessly!
You are too injured to fight recklessly!
You are too injured to fight recklessly!
You are too injured to fight recklessly!
Okay, then.
You feel very mighty all of a sudden. You block Pikel's attack.
You hit Pikel but do no damage. Your headbutt misses Pikel.
Pikel zaps a wand.
The bolt of acid hits you!
* * * LOW HITPOINT WARNING * * *
The acid corrodes you!
You are splashed with acid!
You die...

#.## #.# #..# #.#
...###.###..#
.........>.#
#.##.#.###.#
##.#.###.##.########
#..p## ##...........
.......#p###.###########
#####..##K#.## #p. ##@##
#.. ### K.. ###. ##


You could see Pikel and 2 slaves.

Vanquished Creatures
  Grinder (D:4)
  Eustachio (D:4)
  2 slaves (D:5)
  2 scorpions (D:4)
  A water moccasin skeleton (D:4)
  An orc wizard (D:5)
  A centaur skeleton (D:4)
  2 worker ants
  A hound skeleton (D:4)
  2 gnolls (D:2)
  8 adders
  An ooze (D:2)
  An adder skeleton (D:4)
  2 worms
  2 dart slugs (D:2)
  2 leopard geckos
  9 orcs
  3 giant cockroaches
  5 goblins
  10 hobgoblins
  2 quokkas
  3 ball pythons
  9 bats
  6 frilled lizards
  9 kobolds
  4 rats
90 creatures vanquished.

Notes
Turn   | Place    | Note
-------+----------+-------------------------------------------
     0 | D:1      | Notrik the Minotaur Fighter began the quest for the Orb.
     0 | D:1      | Reached XP level 1. HP: 19/19 MP: 0/0
    65 | D:1      | Reached skill level 4 in Fighting
    88 | D:1      | Reached XP level 2. HP: 27/27 MP: 1/1
   379 | D:2      | Found an ornate altar of the Wu Jian Council.
   455 | D:2      | Reached XP level 3. HP: 34/35 MP: 2/2
   476 | D:2      | Reached skill level 5 in Fighting
   697 | D:2      | Reached XP level 4. HP: 32/42 MP: 3/3
   702 | D:2      | Found an iron altar of Okawaru.
   719 | D:2      | Became a worshipper of Warmaster Okawaru
  1008 | D:2      | Found an opulent altar of Gozag.
  1543 | D:3      | Reached skill level 6 in Fighting
  1565 | D:3      | Reached XP level 5. HP: 50/50 MP: 4/4
  1863 | D:4      | Found a burning altar of Makhleb.
  1874 | D:4      | Reached skill level 5 in Shields
  2077 | D:4      | Found a snail-covered altar of Cheibriados.
  2100 | D:4      | Reached XP level 6. HP: 54/58 MP: 5/5
  2122 | D:4      | Reached * piety under Okawaru
  2122 | D:4      | Reached skill level 7 in Fighting
  2134 | D:4      | Noticed Grinder
  2158 | D:4      | Paralysed by Grinder for 6 turns
  2170 | D:4      | Killed Grinder
  2170 | D:4      | Reached ** piety under Okawaru
  2170 | D:4      | Reached skill level 5 in Armour
  2170 | D:4      | Reached XP level 7. HP: 55/67 MP: 6/6
  2251 | D:4      | Found a radiant altar of Vehumet.
  2256 | D:4      | Noticed Eustachio
  2301 | D:4      | Killed Eustachio
  2301 | D:4      | Reached skill level 8 in Fighting
  2351 | D:4      | Found a hide-covered altar of Uskayaw.
  2543 | D:5      | Entered Level 5 of the Dungeon
  2649 | D:5      | Noticed Pikel
  2683 | D:5      | Splashed by Pikel's acid

Levels and vault maps discovered:
D:1:      minmay_arrival_open_corners, layout_rooms
D:2:      layout_loops_ring, okawaru_altar_gauntlet_db, lemuel_crystal_altar,
          grunt_gozag_breadcrumbs
D:3:      layout_basic
D:4:      layout_rooms, kennysheep_mini, lemuel_crystal_altar,
          nicolae_overflow_crystal_walls, cheibriados_altar_1, first_ration,
          uniq_grinder, uniq_eustachio
D:5:      layout_loops_ring, hangedman_decor_growths, uniq_pikel

Skill      XL: |  1  2  3  4  5  6  7 |
---------------+----------------------+-----
Fighting       | 4 5 6 7 8 |  8.5
Shields        | 4 5 6 |  6.4
Armour         | 4 5 |  5.6
Axes           | |  2.4

Action                   |  1- 3 |  4- 6 |  7- 9 || total
-------------------------+-------+-------+-------++-------
Melee: War axe           |    23 |       |       ||    23
       Short sword       |    71 |   141 |    99 ||   311
       Headbutt          |    10 |    28 |    17 ||    55
Invok: Heroism           |       |       |     1 ||     1
  Use: Scroll            |       |       |     1 ||     1
       Potion            |       |       |     1 ||     1
  Eat: Chunk             |       |     1 |     1 ||     2
       Ration            |       |     1 |       ||     1
Armor: Scale mail        |    37 |    31 |     7 ||    75
       Ring mail         |       |       |     3 ||     3
Dodge: Dodged            |    20 |    15 |    13 ||    48
Block: Shield            |    45 |    43 |    32 ||   120
